 Dungeon Sprint DCSS version 0.14-a0-1388-g200237c (webtiles) character file.

3859 July the Covert (level 9, -8/39 HPs)
             Began as a Spriggan Enchanter on Dec 10, 2013.
             Was the Champion of Zin.
             Killed by an exploding giant spore (27 damage)
             ... in the Dungeon (Sprint I: "Red Sonja").
             The game lasted 00:12:51 (1118 turns).

July the Covert (Spriggan Enchanter)                Turns: 1118, Time: 00:12:52

HP  -8/39        AC  4     Str  8      XL: 9   Next: 85%
MP  32/32        EV 29     Int 24      God: Zin [******]
Gold 275         SH  0     Dex 16      Spells:  3 memorised, 27 levels left

rFire  . . .     SeeInvis +     l - +0 dagger (venom)
rCold  . . .     Clarity  .     n - +2 robe of the Kraken {Str+4 Int+4 Dam+3}
rNeg   . . .     Conserve .     (shield restricted)
rPois  .         rCorr    .     (helmet restricted)
rElec  .         rRot     .     (no cloak)
SustAb . .       Spirit   .     (gloves unavailable)
rMut   .         Warding  .     (boots unavailable)
Saprov . . .     NoTele   +     (no amulet)
                                (no ring)
                                (no ring)

@: confused, very quick, quite resistant to hostile enchantments, stealthy
A: unfitting armour, see invisible, herbivore 3, speed 3, slow metabolism 2
a: Recite, Vitalisation, Imprison, Sanctuary, Renounce Religion


You were in the Dungeon.
You worshipped Zin.
Zin was exalted by your worship.
You were not hungry.

You visited 1 branch You collected 412 gold pieces.
You spent 96 gold pieces at shops.
You donated 41 gold pieces.

Inventory:

Hand weapons
 a - a +1,+1 dagger
 l - a +0,+0 dagger of venom (weapon)
Missiles
 d - 12 darts (quivered)
Armour
 b - a +1 robe
 j - a +0 robe
 n - the cursed +2 robe of the Kraken (worn) {Str+4 Int+4 Dam+3}
   (You bought it in a shop in the Dungeon)

   It affects your strength (+4).
   It affects your intelligence (+4).
   It affects your damage-dealing abilities (+3).
   It has a curse placed upon it.
Scrolls
 k - a scroll of blinking
Potions
 e - a potion of porridge
 f - 2 potions of curing
 g - a potion of heal wounds
 h - a potion of speed
 i - 2 potions of magic
Books
 c - a book of Maledictions

   Spells                             Type                      Level
   *Corona                            Hexes                        1
   *Sure Blade                        Hexes/Charms                 2
   *Ensorcelled Hibernation           Hexes/Ice                    2
   Confuse                            Hexes                        3
   Enslavement                        Hexes                        4
   Invisibility                       Hexes                        6
 m - Kikubaaqudgha's Collected Works on Darkness
   (Kikubaaqudgha gifted it to you in the Dungeon)

   Spells                             Type                      Level
   Animate Skeleton                   Necromancy                   1
   Corpse Rot                         Necromancy                   2
   Sublimation of Blood               Necromancy                   2
   Vampiric Draining                  Necromancy                   3
   Control Undead                     Necromancy                   4
   Zin opposes the use of such an evil item.


   Skills:
 - Level 10.2 Short Blades
 - Level 1.1 Throwing
 + Level 3.6 Armour
 * Level 13.6 Dodging
 + Level 14.8 Stealth
 + Level 12.0 Spellcasting
 + Level 13.6 Hexes


You had 27 spell levels left.
You knew the following spells:

 Your Spells              Type           Power        Failure   Level  Hunger
b - Sure Blade            Hex/Chrm       #####.....   1%          2    None
m - Corona                Hex            ######.      0%          1    None
s - Ensorcelled Hibernat  Hex/Ice        #####.       1%          2    None


Dungeon Overview and Level Annotations

Branches:
Dungeon (1/1)

Altars:
Ashenzari
Cheibriados
Elyvilon
Fedhas
Kikubaaqudgha
Trog
Zin

Shops:
D ([[%%*


Innate Abilities, Weirdness & Mutations

You are tiny and cannot use many weapons and most armour.
You have supernaturally acute eyesight.
You are a herbivore.
You cover ground extremely quickly.
You need consume almost no food.


Message History

There is a huge open gate here.
There is a huge open gate here.
There is an open door here.
You open the door. 2 giant spores come into view.
Found five items.
Found 54 gold pieces.
There is an open door here.
The helpless giant spore fails to defend itself.
You spit the giant spore like a pig!!!!
The giant spore explodes!
The explosion of spores engulfs you!
You are confused.
Ouch! That really hurt!
The explosion of spores engulfs the giant spore.
The giant spore explodes!
The explosion of spores engulfs you!
You are more confused.
Ouch! That really hurt!
You die...

#..#.....##'#..+
#⌠⌠#_.∩...'..._#
####.....##_.#+#
#_._._###'#
############.##
#∩........'...+
###''''####.).#
#.......####.##
#........# #@#
#..#.....#$!$!$#
#........#$([%$#
#.....#..#######
#........#
#..#.....#
#........#
###''''###
#∩......∩#


There were no monsters in sight!

Vanquished Creatures
  8 shining eyes (D)
  Sonja (D)
  An elephant slug (D)
  An ogre (D)
  Sigmund (D)
  A jelly (D)
  Ijyb (D)
  4 giant eyeballs (D)
18 creatures vanquished.

Vanquished Creatures (others)
  A metal gargoyle (D)
1 creature vanquished.

Grand Total: 19 creatures vanquished

Notes
Turn   | Place    | Note
--------------------------------------------------------------
     0 | D        | July, the Spriggan Enchanter, began the quest for the Orb.
     0 | D        | Reached XP level 1. HP: 9/9 MP: 4/4
     1 | D        | Noticed Ijyb
    13 | D        | Killed Ijyb
    13 | D        | Reached skill level 4 in Stealth
    13 | D        | Reached skill level 5 in Hexes
    13 | D        | Reached XP level 2. HP: 13/13 MP: 5/8
    38 | D        | Learned a level 2 spell: Sure Blade
    41 | D        | Learned a level 2 spell: Ensorcelled Hibernation
    77 | D        | Noticed an ogre
    85 | D        | Killed an ogre
    85 | D        | Reached skill level 7 in Stealth
    85 | D        | Reached skill level 5 in Spellcasting
    85 | D        | Reached skill level 8 in Hexes
    85 | D        | Reached XP level 3. HP: 16/16 MP: 4/14
    85 | D        | Reached XP level 4. HP: 21/21 MP: 5/18
    95 | D        | Noticed Sigmund
    99 | D        | Killed Sigmund
    99 | D        | Reached skill level 9 in Hexes
    99 | D        | Reached XP level 5. HP: 24/24 MP: 3/21
   217 | D        | Found a white marble altar of Elyvilon.
   218 | D        | Noticed a jelly
   219 | D        | Found a snail-covered altar of Cheibriados.
   225 | D        | Killed a jelly
   225 | D        | Reached skill level 10 in Hexes
   279 | D        | Found Oreot's Food Emporium.
   279 | D        | Found an ancient bone altar of Kikubaaqudgha.
   279 | D        | Found a shattered altar of Ashenzari.
   279 | D        | Found a blossoming altar of Fedhas.
   279 | D        | Found a bloodstained altar of Trog.
   279 | D        | Noticed an elephant slug
   372 | D        | Found a glowing silver altar of Zin.
   583 | D        | Killed an elephant slug
   583 | D        | Reached skill level 5 in Dodging
   583 | D        | Reached skill level 10 in Stealth
   583 | D        | Reached XP level 6. HP: 28/28 MP: 4/24
   671 | D        | Killed a metal gargoyle
   697 | D        | Noticed Sonja
   701 | D        | Killed Sonja
   701 | D        | Reached skill level 11 in Stealth
   701 | D        | Reached XP level 7. HP: 32/32 MP: 24/26
   719 | D        | Found Runaf's Weapon Boutique.
   749 | D        | Became a worshipper of Kikubaaqudgha
   769 | D        | Noticed a shining eye
   769 | D        | Noticed a shining eye
   769 | D        | Noticed a shining eye
   769 | D        | Noticed a shining eye
   769 | D        | Noticed a shining eye
   769 | D        | Noticed a shining eye
   771 | D        | Gained mutation: You occasionally shout uncontrollably. [a shining eye]
   773 | D        | Noticed a shining eye
   774 | D        | Killed a shining eye
   774 | D        | Reached skill level 12 in Stealth
   774 | D        | Gained mutation: You are agile. (Dex +2) [a shining eye]
   775 | D        | Noticed a shining eye
   777 | D        | Gained mutation: You tend to lose your temper in combat. [a shining eye]
   780 | D        | Acquired Kikubaaqudgha's first power
   780 | D        | Received a gift from Kikubaaqudgha
   781 | D        | Identified Kikubaaqudgha's Collected Works on Darkness (Kikubaaqudgha gifted it to you in the Dungeon)
   781 | D        | Paralysed by a giant eyeball for 3 turns
   781 | D        | Lost mutation: You are agile. (Dex +2) [a shining eye]
   782 | D        | Gained mutation: You are weak. (Str -2) [a shining eye]
   782 | D        | Lost mutation: You are weak. (Str -2) [a shining eye]
   783 | D        | Gained mutation: You heal slowly when monsters are visible. [a shining eye]
   786 | D        | Killed a shining eye
   786 | D        | Reached skill level 10 in Spellcasting
   786 | D        | Reached XP level 8. HP: 36/36 MP: 27/29
   791 | D        | Gained mutation: Your body is slowly deteriorating. [a shining eye]
   791 | D        | Paralysed by a giant eyeball for 2 turns
   793 | D        | Gained mutation: You are frail (-10% HP). [a shining eye]
   795 | D        | Gained mutation: Armour fits poorly on your strangely shaped body. [a shining eye]
   797 | D        | Gained mutation: You often lose your temper in combat. [a shining eye]
   801 | D        | Gained mutation: You have an uncontrollable temper. [a shining eye]
   808 | D        | Gained mutation: You are dopey. (Int -2) [a shining eye]
   808 | D        | Gained mutation: You sometimes yell uncontrollably. [a shining eye]
   813 | D        | Paralysed by a giant eyeball for 3 turns
   814 | D        | Gained mutation: You frequently scream uncontrollably. [a shining eye]
   815 | D        | Lost mutation: You frequently scream uncontrollably. [a shining eye]
   815 | D        | Gained mutation: You are weak. (Str -2) [a shining eye]
   819 | D        | Gained mutation: Your flesh is heat resistant. [a shining eye]
   820 | D        | Gained mutation: You are very dopey. (Int -4) [a shining eye]
   821 | D        | Killed a shining eye
   821 | D        | Reached skill level 10 in Short Blades
   821 | D        | Reached skill level 13 in Stealth
   824 | D        | Paralysed by a giant eyeball for 4 turns
   828 | D        | Gained mutation: You are very weak. (Str -4) [a shining eye]
   828 | D        | Gained mutation: You are clumsy. (Dex -2) [a shining eye]
   829 | D        | Killed a shining eye
   829 | D        | Acquired Kikubaaqudgha's second power
   829 | D        | Reached skill level 1 in Armour
   829 | D        | Reached skill level 10 in Dodging
   829 | D        | Reached XP level 9. HP: 35/35 MP: 31/31
   829 | D        | Gained mutation: Your body is deteriorating. [a shining eye]
   832 | D        | Gained mutation: Your magical capacity is low (-10% MP). [a shining eye]
   832 | D        | Gained mutation: Your body is rapidly deteriorating. [a shining eye]
   835 | D        | Lost strength.
   838 | D        | Gained mutation: You frequently scream uncontrollably. [a shining eye]
   839 | D        | Gained mutation: You are very clumsy. (Dex -4) [a shining eye]
   840 | D        | Gained mutation: Your magical capacity is very low (-20% MP). [a shining eye]
   840 | D        | Gained mutation: Your magical capacity is extremely low (-30% MP). [a shining eye]
   841 | D        | Gained mutation: You are very frail (-20% HP). [a shining eye]
   848 | D        | Lost mutation: You are very weak. (Str -4) [a shining eye]
   850 | D        | Gained mutation: You are very weak. (Str -4) [a shining eye]
   851 | D        | Gained mutation: You do not heal naturally when monsters are visible. [a shining eye]
   851 | D        | Paralysed by a giant eyeball for 4 turns
   856 | D        | Gained mutation: You do not heal naturally. [a shining eye]
   858 | D        | Gained mutation: You are extremely frail (-30% HP). [a shining eye]
   858 | D        | Paralysed by a giant eyeball for 4 turns
   865 | D        | Paralysed by a giant eyeball for 4 turns
   868 | D        | Lost mutation: Your flesh is heat resistant. [a shining eye]
   872 | D        | Paralysed by a giant eyeball for 2 turns
   875 | D        | Killed a shining eye
   875 | D        | Reached skill level 14 in Stealth
   875 | D        | Paralysed by a giant eyeball for 4 turns
   882 | D        | Paralysed by a giant eyeball for 4 turns
   915 | D        | Fell from the grace of Kikubaaqudgha
   915 | D        | Became a worshipper of Zin the Law-Giver
   915 | D        | Acquired Zin's first power
   915 | D        | Acquired Zin's second power
   915 | D        | Acquired Zin's third power
   915 | D        | Acquired Zin's fourth power
   918 | D        | Received a gift from Zin
   918 | D        | Lost mutation: You have an uncontrollable temper. [Zin's power]
   918 | D        | Lost mutation: You often lose your temper in combat. [Zin's power]
   918 | D        | Lost mutation: You tend to lose your temper in combat. [Zin's power]
   918 | D        | Lost mutation: You are very clumsy. (Dex -4) [Zin's power]
   918 | D        | Lost mutation: You are clumsy. (Dex -2) [Zin's power]
   918 | D        | Lost mutation: Armour fits poorly on your strangely shaped body. [Zin's power]
   918 | D        | Lost mutation: Your body is rapidly deteriorating. [Zin's power]
   918 | D        | Lost mutation: Your body is deteriorating. [Zin's power]
   918 | D        | Lost mutation: Your body is slowly deteriorating. [Zin's power]
   918 | D        | Lost mutation: You are very dopey. (Int -4) [Zin's power]
   918 | D        | Lost mutation: You are dopey. (Int -2) [Zin's power]
   918 | D        | Lost mutation: You are extremely frail (-30% HP). [Zin's power]
   918 | D        | Lost mutation: You are very frail (-20% HP). [Zin's power]
   918 | D        | Lost mutation: You are frail (-10% HP). [Zin's power]
   918 | D        | Lost mutation: Your magical capacity is extremely low (-30% MP). [Zin's power]
   918 | D        | Lost mutation: Your magical capacity is very low (-20% MP). [Zin's power]
   918 | D        | Lost mutation: Your magical capacity is low (-10% MP). [Zin's power]
   918 | D        | Lost mutation: You frequently scream uncontrollably. [Zin's power]
   918 | D        | Lost mutation: You sometimes yell uncontrollably. [Zin's power]
   918 | D        | Lost mutation: You occasionally shout uncontrollably. [Zin's power]
   918 | D        | Lost mutation: You do not heal naturally. [Zin's power]
   918 | D        | Lost mutation: You do not heal naturally when monsters are visible. [Zin's power]
   918 | D        | Lost mutation: You heal slowly when monsters are visible. [Zin's power]
   918 | D        | Lost mutation: You are very weak. (Str -4) [Zin's power]
   918 | D        | Lost mutation: You are weak. (Str -2) [Zin's power]
   941 | D        | Killed a shining eye
   948 | D        | Killed a shining eye
   979 | D        | Killed a shining eye
  1077 | D        | Found Cudeq's Antique Armour Shoppe.
  1077 | D        | Found Skioc's Food Shop.
  1077 | D        | Found Dov Gataam's Antique Armour Emporium.
  1077 | D        | Found Pream's General Store.
  1084 | D        | Bought a bloodstained robe for 96 gold pieces
  1090 | D        | Identified the cursed +2 robe of the Kraken {Str+4 Int+4 Dam+3} (You bought it in a shop in the Dungeon)
  1118 | D        | Killed by an exploding giant spore

Action                   |  1- 3 |  4- 6 |  7- 9 || total
-------------------------+-------+-------+-------++-------
Melee: Dagger            |    13 |    10 |   124 ||   147
 Cast: Ensorcelled Hiber |     1 |    29 |       ||    30
       Sure Blade        |     1 |     8 |       ||     9
Invok: Cure All Mutation |       |       |     1 ||     1
  Use: Potion            |     1 |       |       ||     1
 Stab: Sleeping          |     1 |     9 |     5 ||    15
